 Dungeon Crawl Stone Soup version 0.28.0-62-gf88900778d (webtiles) character file.

Game seed: 1655536325012656997

96 Juvenus the Skirmisher (level 4, -2/42 HPs)
             Began as a Minotaur Fighter on Sept 14, 2023.
             Was a Priest of Lugonu.
             Slain by a gnoll
             ... wielding a +0 halberd
              (5 damage)
             ... on level 3 of the Dungeon.
             The game lasted 00:23:57 (1462 turns).

Juvenus the Skirmisher (Minotaur Fighter)           Turns: 1462, Time: 00:23:58

Health: -2/42      AC:  7    Str: 22    XL:     4   Next: 41%
Magic:  3/3        EV:  9    Int:  5    God:    Lugonu [***...]
Gold:   65         SH:  4    Dex: 10    Spells: 3/3 levels left

rFire   . . .      SeeInvis .   k - +2 hand axe (vamp)
rCold   . . .      Faith    .   c - +0 buckler
rNeg    . . .      Spirit   .   b - +0 scale mail
rPois   .          Reflect  .   (helmet restricted)
rElec   .          Harm     .   (no cloak)
rCorr   .          Rampage  .   (no gloves)
Will    .....                   (no boots)
Stlth   ..........              (no amulet)
HPRegen 0.14/turn               (no ring)
MPRegen 0.08/turn               (no ring)

@: mighty
A: horns 2, retaliatory headbutt
a: Renounce Religion, Depart the Abyss, Bend Space, Banish


You were on level 3 of the Dungeon.
You worshipped Lugonu.
Lugonu was most pleased with you.
You visited 1 branch of the dungeon, and saw 3 of its levels.

You collected 107 gold pieces.
You spent 42 gold pieces at shops.

Inventory:

Hand Weapons
 a - a +0 flail
 k - a +2 vampiric hand axe (weapon)
 l - a +0 morningstar
Armour
 b - a +0 scale mail (worn)
 c - a +0 buckler (worn)
Jewellery
 h - a ring of ice
Scrolls
 f - a scroll of summoning {unknown}
 g - a scroll of amnesia {unknown}
 i - a scroll of immolation {unknown}
 j - a scroll of silence {unknown}
 m - a scroll of teleportation
 n - a scroll of magic mapping {unknown}
 o - 2 scrolls of vulnerability {unknown}
 p - a scroll of fear {unknown}
 u - a scroll of blinking {unknown}
 v - a scroll of fog {unknown}
 w - a scroll of acquirement {unknown}
 x - a scroll of identify {unknown}
Potions
 e - a potion of attraction {unknown}
 q - a potion of cancellation {unknown}
 r - a potion of flight {unknown}
 s - a potion of brilliance {unknown}
 t - a potion of resistance {unknown}


   Skills:
 + Level 5.1 Fighting
 + Level 3.8 Maces & Flails
 - Level 4.0 Armour
 - Level 4.0 Shields


You had 3 spell levels left.
You didn't know any spells.
Your spell library contained the following spells:

 Spells                   Type           Power      Damage    Failure   Level
 Ensorcelled Hibernation  Hex/Ice        0%         N/A       95%         2
 Spider Form              Tmut/Pois      0%         N/A       99%         3
 Anguish                  Hex/Necr       0%         N/A       100%        4
 Olgreb's Toxic Radiance  Pois           0%         N/A       100%        4
 Fireball                 Conj/Fire      0%         3d3       100%        5
 Iskenderun's Battlesphe  Conj           0%         2d6       100%        5
 Conjure Ball Lightning   Conj/Air       0%         3x3d6     100%        6
 Orb of Destruction       Conj           0%         9d5       100%        7
 Ozocubu's Refrigeration  Ice            0%         4d5       100%        7
 Ignition                 Fire           0%         3d3       100%        8


Dungeon Overview and Level Annotations

Branches:
Dungeon (3/15)

Altars:
Xom
Lugonu

Shops:
D:1 *


Innate Abilities, Weirdness & Mutations

You have a pair of horns on your head.
You reflexively headbutt those who attack you in melee.


Message History

The adder poisons you! The adder bites you.
You are more poisoned.
The adder poisons you!
You hit the adder.
You feel better.
You kill the adder!
Lugonu accepts your kill.
You feel very sick.
You hit the endoplasm.
You kill the endoplasm!
Lugonu accepts your kill.
You feel very sick.
You hit the rat.
You feel better.
You kill the rat!
Lugonu accepts your kill.
You feel sick.
You closely miss the rat. You headbutt the rat.
You kill the rat!
Lugonu accepts your kill.
You feel sick. The gnoll closely misses you.
You feel sick. The gnoll hits you with a +0 halberd.
Things that are here:
a rat corpse; a rat corpse; an adder corpse You hit the gnoll.
You headbutt the gnoll, but do no damage.
The gnoll is lightly wounded.
You feel sick. The gnoll hits you with a +0 halberd!
You hit the gnoll but do no damage.
The gnoll is lightly wounded.
You feel sick. The gnoll barely misses you. You block the gnoll's attack.
You feel sick.
You are no longer poisoned.
The gnoll hits you from afar with a +0 halberd.
* * * LOW HITPOINT WARNING * * *
The gnoll hits you from afar with a +0 halberd!
* * * LOW HITPOINT WARNING * * *
You feel very mighty all of a sudden.
The gnoll hits you from afar with a +0 halberd.
* * * LOW HITPOINT WARNING * * *
The gnoll hits you with a +0 halberd.
You die...
Jg≈ #.#.......####.###.# BKg

≈.#.......K†K..# #.#
r..O≈.+>......######
#.# ._..≈##.......#
#K# ....≈ #.......#
#.# ##+###### #.#
#.# #############.#
#......@gK....#
#.############# #.#
#.# #.#
#.###########
#...........#
#...##########.#
#... #.#


You could see a gnoll and a kobold.

Vanquished Creatures
  4 adders
  A worm (D:3)
  2 dart slugs
  6 orcs
  5 ball pythons
  A bat (D:2)
  An endoplasm (D:3)
  4 goblins
  7 hobgoblins
  A quokka (D:3)
  3 frilled lizards
  7 kobolds
  2 rats (D:3)
44 creatures vanquished.

Vanquished Creatures (others)
  4 fungi (D:3)
4 creatures vanquished.

Grand Total: 48 creatures vanquished

Notes
Turn   | Place    | Note
-------+----------+-------------------------------------------
     0 | D:1      | Juvenus the Minotaur Fighter began the quest for the Orb.
     0 | D:1      | Reached XP level 1. HP: 19/19 MP: 0/0
   265 | D:1      | Found a faded altar of an unknown god.
   273 | D:1      | Prayed at the altar of an unknown god.
   273 | D:1      | Became a worshipper of Lugonu the Unformed
   273 | D:1      | Reached * piety under Lugonu
   273 | D:1      | Reached ** piety under Lugonu
   398 | D:1      | Found Ypnulu's General Store.
   422 | D:1      | Bought a scroll of teleportation for 42 gold pieces
   553 | D:1      | Reached XP level 2. HP: 27/27 MP: 1/1
   579 | D:2      | Reached skill level 4 in Fighting
   641 | D:2      | Reached XP level 3. HP: 34/34 MP: 2/2
  1238 | D:3      | Reached XP level 4. HP: 41/41 MP: 3/3
  1394 | D:3      | Reached *** piety under Lugonu
  1396 | D:3      | Reached skill level 5 in Fighting
  1411 | D:3      | Found a shimmering altar of Xom.
  1412 | D:3      | Noticed an ogre
  1462 | D:3      | Slain by a gnoll

Illustrated notes

Levels and vault maps discovered:
D:1:      mrwooster_arrival_statue_2, layout_basic, serial_shops, shop,
          shapermc_ecumenical_altar_totnotflames
D:2:      layout_loops_ring, guppyfry_early_orc_mine
D:3:      kennysheep_big_flooded_room, layout_basic, xom_confusion_cloud,
          mainiacjoe_overflow_cross_hatched

Skill      XL: |  1  2  3  4 |
---------------+-------------+-----
Fighting       | 4 5 |  5.1
Armour         | 4 |  4.0
Shields        | 4 |  4.0
Maces & Flails | 3 |  3.8

Action                   |  1- 3 |  4- 6 || total
-------------------------+-------+-------++-------
Melee: Hand axe          |    58 |    28 ||    86
       Flail             |     5 |       ||     5
       Headbutt          |     6 |     4 ||    10
  Use: Potion            |       |     1 ||     1
Armor: Scale mail        |    20 |     6 ||    26
Dodge: Dodged            |    43 |    11 ||    54
Block: Buckler           |    10 |     7 ||    17
